Thunderbirds vs Barracuda
Created - April 24, 2024 at 19:30
Goals
|
| Thunderbirds |
1 |
1 |
0 |
2 |
| Barracuda |
2 |
2 |
3 |
7 |
|
Shots
|
| Thunderbirds |
11 |
19 |
8 |
38 |
| Barracuda |
9 |
4 |
15 |
28 |
|
1st period
1. Thunderbirds , Dominik Simon 40 (Jeremy Lauzon 42, Ethan Bear 47) at 9:08
2. Barracuda , Mario Lucia 26 (William Carrier 72, Emil Pettersson 89) at 9:34 (PP)
3. Barracuda , Emil Pettersson 40 (William Carrier 73) at 18:20 (PP)
Penalties :
Dominik Simon (Spr) for Hooking (Minor) at 0:27, Anthony Richard (Spr) for Slashing (Minor) at 9:25, Thomas Gobeil (S.J) for Hooking (Minor) at 15:22, Frederic Allard (Spr) for Tripping (Minor) at 18:04
2nd period
4. Barracuda , Emil Pettersson 41 (William Carrier 74) at 2:34
5. Thunderbirds , Jordan Kyrou 48 (Anthony Richard 34) at 7:50
6. Barracuda , Theodor Blueger 44 (Logan Stanley 19) at 16:04
Penalties :
William Carrier (S.J) for Cross-checking (Minor) at 2:43, Robin Norell (S.J) for Delaying the game (Minor) at 9:26, Kurtis Macdermid (S.J) for Tripping (Minor) at 16:45
3rd period
7. Barracuda , Emil Pettersson 42 (Eric Gustafsson 66, William Carrier 75) at 1:49
8. Barracuda , William Carrier 58 (Emil Pettersson 90, Logan Stanley 20) at 9:38
9. Barracuda , William Carrier 59 (Eric Gustafsson 67, Samuel Groulx 45) at 18:52 (PP)
Penalties :
Rourke Chartier (Spr) for Roughing (Minor) at 10:20, Jordan Kyrou (Spr) for Tripping (Minor) at 13:31, Rourke Chartier (Spr) for Delaying the game (Minor) at 18:36, William Carrier (S.J) for Tripping (Minor) at 18:55
Goalie Stats
Jake Oettinger (Spr), 8 saves from 12 shots - (0.667), L, 40-19-1, 36:04 minutes
Magnus Hellberg (Spr), 13 saves from 16 shots - (0.813), 23:56 minutes
Joni Ortio (S.J), 36 saves from 38 shots - (0.947), W, 34-17-5, 60:00 minutes
Players Stats for Thunderbirds
Player Name G A P +/- PIM S H SB GA TA FO MP PP MP PK MP
------------------------------------------------------------------------------------
Anthony Richard 0 1 1 -1 2 3 2 0 0 0 10/21 16:44 4:05 0:09
Artturi Lehkonen 0 0 0 -1 0 1 0 2 1 0 0/0 10:37 0:52 0:48
Dominik Simon 1 0 1 0 2 5 0 1 0 0 2/4 20:14 3:54 0:22
Dylan Blujus 0 0 0 -2 0 1 1 4 0 1 0/0 19:24 0:00 2:31
Dylan Sikura 0 0 0 -1 0 0 2 0 0 0 0/0 11:15 0:34 2:00
Emil Bemstrom 0 0 0 0 0 2 0 0 0 0 0/0 7:26 0:25 0:00
Ethan Bear 0 1 1 0 0 3 2 3 1 0 0/0 26:23 4:42 4:01
Frederic Allard 0 0 0 0 2 1 1 1 1 1 0/0 10:33 0:43 0:06
Henri Jokiharju 0 0 0 -2 0 1 0 3 1 0 0/0 20:47 3:44 4:01
Jeremy Lauzon 0 1 1 0 0 3 1 1 0 0 0/0 25:13 4:42 2:31
Joachim Blichfeld 0 0 0 0 0 4 2 0 1 0 0/1 18:39 3:27 0:00
Jordan Kyrou 1 0 1 -1 2 3 1 0 1 0 0/0 17:42 4:33 0:00
Matt Roy 0 0 0 0 0 1 0 2 1 2 0/0 16:31 3:01 0:06
Paul Cotter 0 0 0 0 0 0 2 0 0 0 0/0 8:09 0:40 0:10
Pierre Engvall 0 0 0 -1 0 3 1 0 0 0 1/2 20:50 4:08 3:50
Rourke Chartier 0 0 0 0 4 5 1 0 0 0 10/18 19:24 3:54 0:00
Trent Frederic 0 0 0 0 0 0 0 0 0 0 5/9 11:58 0:50 3:57
Zach Stepan 0 0 0 -1 0 2 2 0 0 0 3/5 11:27 0:46 2:00
Players Stats for Barracuda
Player Name G A P +/- PIM S H SB GA TA FO MP PP MP PK MP
------------------------------------------------------------------------------------
Alex Henriksson 0 0 0 -1 0 2 0 0 1 0 0/0 11:56 0:01 2:42
Cole Ully 0 0 0 -1 0 0 1 0 1 2 0/0 12:02 0:01 1:17
Emil Pettersson 3 2 5 3 0 4 2 0 1 0 21/40 22:02 3:48 4:31
Eric Gustafsson 0 2 2 1 0 3 3 4 0 0 0/0 26:32 4:11 5:12
Jaedon Descheneau 0 0 0 -1 0 0 0 0 0 0 0/0 10:27 0:01 0:00
Jordan Gross 0 0 0 0 0 0 0 0 0 0 0/0 12:26 0:00 0:32
Kurtis Macdermid 0 0 0 1 2 1 0 0 0 1 0/0 14:46 2:49 0:59
Kyle Platzer 0 0 0 -1 0 2 1 1 0 0 1/2 10:45 0:00 1:24
Logan Stanley 0 2 2 1 0 1 1 4 0 2 0/0 21:02 2:27 3:16
Mac Hollowell 0 0 0 0 0 0 1 1 0 0 0/0 14:01 0:00 1:56
Mario Lucia 1 0 1 3 0 3 3 0 0 0 0/0 17:26 3:48 0:00
Nikolai Kovalenko 0 0 0 -1 0 0 0 0 0 0 0/0 9:11 0:00 0:00
Noah Gregor 0 0 0 -1 0 2 1 1 0 0 2/3 10:40 0:00 0:16
Robin Norell 0 0 0 1 2 4 0 0 1 1 0/0 19:38 2:27 1:52
Samuel Groulx 0 1 1 1 0 0 2 2 0 1 0/0 26:32 4:11 5:12
Theodor Blueger 1 0 1 1 0 2 1 1 0 0 3/12 17:34 2:49 3:53
Thomas Gobeil 0 0 0 1 2 0 1 1 0 0 1/1 13:30 2:49 0:00
William Carrier 2 4 6 3 4 4 2 0 0 0 1/2 20:25 3:48 2:58
3 Stars
1 - Emil Pettersson (S.J)
2 - William Carrier (S.J)
3 - Mario Lucia (S.J)
Power Play
Thunderbirds - 0 on 5 Attempt(s) - 0.00%
Barracuda - 3 on 6 Attempt(s) - 50.00%
Penalty Kill
Thunderbirds - 3 on 6 Attempt(s) - 50.00%
- Score 0 goal in Penalty Kill
Barracuda - 5 on 5 Attempt(s) - 100.00%
- Score 0 goal in Penalty Kill
Team Stat
Thunderbirds - Hits : 18 - Faceoff Wins : 31 - Blocked Shots : 17 - Penalty Minutes : 12
Barracuda - Hits : 19 - Faceoff Wins : 29 - Blocked Shots : 15 - Penalty Minutes : 10
Official
Referees : Wes McCauley and Furman South
Linesman : Kiel Murchison and Mark Shewchyk
Game Notes
Magnus Hellberg enters game at 16:04 of 2nd period
Emil Pettersson has scored a Hat Trick!
Finance
Level 1 -- Attendance: 1756 (87.80%) -- Ticket Income $122,920
Level 2 -- Attendance: 881 (88.10%) -- Ticket Income $35,240
Total Attendance: 2637 (87.90%)
Total Ticket Income: $158,160
Other Income: $7,908
Total Income: $166,068
Thunderbirds
5 vs 5 Forward
Center Left Wing Right Wing Time % Phy DF OF
1 Rourke Chartier Dominik Simon Joachim Blichfeld 40 1 2 2
2 Anthony Richard Pierre Engvall Jordan Kyrou 30 1 2 2
3 Zach Stepan Artturi Lehkonen Dylan Sikura 20 1 2 2
4 Trent Frederic Paul Cotter Emil Bemstrom 10 1 2 2
5 vs 5 Defense
Defense Defense Time % Phy DF OF
1 Jeremy Lauzon Ethan Bear 40 1 2 2
2 Dylan Blujus Henri Jokiharju 30 1 2 2
3 Frederic Allard Matt Roy 20 1 2 2
4 Matt Roy Dylan Blujus 10 1 2 2
PowerPlay Forward
Center Left Wing Right Wing Time % Phy DF OF
1 Rourke Chartier Dominik Simon Jordan Kyrou 60 1 2 2
2 Anthony Richard Pierre Engvall Joachim Blichfeld 40 1 2 2
PowerPlay Defense
Defense Defense Time % Phy DF OF
1 Ethan Bear Jeremy Lauzon 60 1 2 2
2 Henri Jokiharju Matt Roy 40 1 2 2
Penalty Kill 4 Players Forward
Center Wing Time % Phy DF OF
1 Trent Frederic Pierre Engvall 60 1 2 2
2 Zach Stepan Dylan Sikura 40 1 2 2
Penalty Kill 4 Players Defense
Defense Defense Time % Phy DF OF
1 Ethan Bear Henri Jokiharju 60 1 2 2
2 Dylan Blujus Jeremy Lauzon 40 1 2 2
Penalty Kill - 3 Players Forward
Forward Time % Phy DF OF
1 Trent Frederic 60 1 2 2
2 Pierre Engvall 40 1 2 2
Penalty Kill - 3 Players Defense
Defense Defense Time % Phy DF OF
1 Henri Jokiharju Dylan Blujus 60 1 2 2
2 Jeremy Lauzon Ethan Bear 40 1 2 2
4 vs 4 Forward
Center Wing Time % Phy DF OF
1 Rourke Chartier Dominik Simon 60 1 2 2
2 Zach Stepan Pierre Engvall 40 1 2 2
4 vs 4 Defense
Defense Defense Time % Phy DF OF
1 Matt Roy Ethan Bear 60 1 2 2
2 Dylan Blujus Jeremy Lauzon 40 1 2 2
Last Minutes Offensive
Center Left Wing Right Wing Defense Defense
Rourke Chartier Dominik Simon Joachim Blichfeld Jeremy Lauzon Ethan Bear
Last Minutes Defensive
Center Left Wing Right Wing Defense Defense
Trent Frederic Pierre Engvall Dylan Sikura Ethan Bear Henri Jokiharju
Goaltenders
Starting : Jake Oettinger
Backup : Magnus Hellberg
Extra Forwards
Normal : Dominik Simon, Dylan Sikura, Zach Stepan - PP : Trent Frederic, Jordan Kyrou - PK : Artturi Lehkonen
Extra Defensemen
Normal : Dylan Blujus, Ethan Bear, Henri Jokiharju - PP : Matt Roy - PK : Frederic Allard, Matt Roy
Penalty Shots
Jordan Kyrou, Rourke Chartier, Anthony Richard, Joachim Blichfeld, Dylan Sikura
Custom OT Lines Forwards
Dominik Simon, Pierre Engvall, Rourke Chartier, Jordan Kyrou, Dylan Sikura, Anthony Richard, Joachim Blichfeld, Zach Stepan, Artturi Lehkonen, Paul Cotter
Custom OT Lines Defensemen
Ethan Bear, Dylan Blujus, Jeremy Lauzon, Matt Roy, Henri Jokiharju
Scratches
Rasmus Kupari (Healthy), Nathan Smith (Healthy), Calen Addison (Healthy), Sami Niku (Healthy), Grigori Denisenko (Healthy)
Trey Fix-Wolansky (Healthy), Emil Larmi (Healthy)
Barracuda
5 vs 5 Forward
Center Left Wing Right Wing Time % Phy DF OF
1 Emil Pettersson William Carrier Mario Lucia 40 1 2 2
2 Theodor Blueger Kurtis Macdermid Thomas Gobeil 30 1 2 2
3 Noah Gregor Cole Ully Jaedon Descheneau 20 1 2 2
4 Kyle Platzer Alex Henriksson Nikolai Kovalenko 10 1 2 2
5 vs 5 Defense
Defense Defense Time % Phy DF OF
1 Eric Gustafsson Samuel Groulx 40 1 2 2
2 Logan Stanley Robin Norell 30 1 2 2
3 Mac Hollowell Jordan Gross 20 1 2 2
4 Eric Gustafsson Samuel Groulx 10 1 2 2
PowerPlay Forward
Center Left Wing Right Wing Time % Phy DF OF
1 Emil Pettersson William Carrier Mario Lucia 60 1 2 2
2 Theodor Blueger Kurtis Macdermid Thomas Gobeil 40 1 2 2
PowerPlay Defense
Defense Defense Time % Phy DF OF
1 Eric Gustafsson Samuel Groulx 60 1 2 2
2 Logan Stanley Robin Norell 40 1 2 2
Penalty Kill 4 Players Forward
Center Wing Time % Phy DF OF
1 Emil Pettersson William Carrier 60 1 2 2
2 Theodor Blueger Kurtis Macdermid 40 1 2 2
Penalty Kill 4 Players Defense
Defense Defense Time % Phy DF OF
1 Eric Gustafsson Samuel Groulx 60 1 2 2
2 Logan Stanley Robin Norell 40 1 2 2
Penalty Kill - 3 Players Forward
Forward Time % Phy DF OF
1 Emil Pettersson 60 1 2 2
2 Theodor Blueger 40 1 2 2
Penalty Kill - 3 Players Defense
Defense Defense Time % Phy DF OF
1 Eric Gustafsson Samuel Groulx 60 1 2 2
2 Logan Stanley Robin Norell 40 1 2 2
4 vs 4 Forward
Center Wing Time % Phy DF OF
1 Emil Pettersson William Carrier 60 1 2 2
2 Theodor Blueger Kurtis Macdermid 40 1 2 2
4 vs 4 Defense
Defense Defense Time % Phy DF OF
1 Eric Gustafsson Samuel Groulx 60 1 2 2
2 Logan Stanley Robin Norell 40 1 2 2
Last Minutes Offensive
Center Left Wing Right Wing Defense Defense
Emil Pettersson William Carrier Mario Lucia Eric Gustafsson Samuel Groulx
Last Minutes Defensive
Center Left Wing Right Wing Defense Defense
Emil Pettersson William Carrier Mario Lucia Eric Gustafsson Samuel Groulx
Goaltenders
Starting : Joni Ortio
Backup : Joacim Eriksson
Extra Forwards
Normal : Theodor Blueger, Alex Henriksson, Mario Lucia - PP : Theodor Blueger, Alex Henriksson - PK : Theodor Blueger
Extra Defensemen
Normal : Robin Norell, Mac Hollowell, Jordan Gross - PP : Robin Norell - PK : Robin Norell, Mac Hollowell
Penalty Shots
William Carrier, Kurtis Macdermid, Emil Pettersson, Cole Ully, Theodor Blueger
Custom OT Lines Forwards
William Carrier, Kurtis Macdermid, Emil Pettersson, Cole Ully, Theodor Blueger, Alex Henriksson, Mario Lucia, Noah Gregor, Kyle Platzer, Thomas Gobeil
Custom OT Lines Defensemen
Eric Gustafsson, Samuel Groulx, Logan Stanley, Robin Norell, Mac Hollowell
Scratches
Alex Lintuniemi (Healthy), Aleksi Heponiemi (Healthy), Ben Jones (Healthy), Jacob Peterson (Healthy), Scott Reedy (Healthy)
Ryan Merkley (Healthy), Bode Wilde (Healthy), Dennis Cholowski (Healthy), Alexei Toropchenko (Healthy), Kevin Mandolese (Healthy)
% Time on Ice - Thunderbirds
Lines # - Real PCT - Wanted PCT - Time Play
Normal Forward
1 - 36% - 40% - 16:09
2 - 28% - 30% - 12:33
3 - 19% - 20% - 8:39
4 - 16% - 10% - 7:01
Normal Defense
1 - 40% - 40% - 17:49
2 - 30% - 30% - 13:19
3 - 22% - 20% - 9:36
4 - 8% - 10% - 3:38
PP Forward
1 - 55% - 60% - 4:55
2 - 45% - 40% - 4:05
PP Defense
1 - 59% - 60% - 5:16
2 - 41% - 40% - 3:44
PK Forward
1 - 70% - 60% - 4:38
2 - 30% - 40% - 2:00
PK Defense
1 - 62% - 60% - 4:07
2 - 38% - 40% - 2:31
PK3 Forward
1 - 0% - 60%
2 - 0% - 40%
PK3 Defense
1 - 0% - 60%
2 - 0% - 40%
44 Forward
1 - 0% - 60%
2 - 0% - 40%
44 Defense
1 - 0% - 60%
2 - 0% - 40%
Last Minute Offensive - 0:00
Last Minute Defensive - 0:00
Total
Forward - 60:00
Defense - 60:00
|
% Time on Ice - Barracuda
Lines # - Real PCT - Wanted PCT - Time Play
Normal Forward
1 - 31% - 40% - 13:58
2 - 24% - 30% - 10:49
3 - 23% - 20% - 10:24
4 - 21% - 10% - 9:11
Normal Defense
1 - 36% - 40% - 15:52
2 - 36% - 30% - 16:09
3 - 27% - 20% - 11:54
4 - 1% - 10% - 0:27
PP Forward
1 - 58% - 60% - 3:49
2 - 42% - 40% - 2:49
PP Defense
1 - 63% - 60% - 4:11
2 - 37% - 40% - 2:27
PK Forward
1 - 79% - 60% - 7:05
2 - 21% - 40% - 1:55
PK Defense
1 - 60% - 60% - 5:23
2 - 40% - 40% - 3:37
PK3 Forward
1 - 0% - 60%
2 - 0% - 40%
PK3 Defense
1 - 0% - 60%
2 - 0% - 40%
44 Forward
1 - 0% - 60%
2 - 0% - 40%
44 Defense
1 - 0% - 60%
2 - 0% - 40%
Last Minute Offensive - 0:00
Last Minute Defensive - 0:00
Total
Forward - 60:00
Defense - 60:00
|
Play-by-Play
1st period
0:01 of 1st period - Emil Pettersson wins face-off versus Rourke Chartier in neutral zone.
0:04 of 1st period - Wrist shot by Mario Lucia.
0:04 of 1st period - Stopped by Jake Oettinger without a rebound.
0:05 of 1st period - Rourke Chartier wins face-off versus Emil Pettersson in Thunderbirds zone.
0:05 of 1st period - Rourke Chartier is hit by Mario Lucia.
0:17 of 1st period - Wrist shot by Rourke Chartier.
0:17 of 1st period - Stopped by Joni Ortio with a rebound.
0:27 of 1st period - Minor Penalty to Dominik Simon for Hooking.
0:28 of 1st period - Emil Pettersson wins face-off versus Trent Frederic in Thunderbirds zone.
1:41 of 1st period - Zach Stepan is hit by Logan Stanley and loses puck.
2:27 of 1st period - Penalty to Dominik Simon is over, Dominik Simon is back on ice.
2:32 of 1st period - Wrist shot by Noah Gregor.
2:32 of 1st period - Shot Misses the Net.
2:44 of 1st period - Slapshot by Jeremy Lauzon.
2:44 of 1st period - Stopped by Joni Ortio without a rebound.
2:45 of 1st period - Kyle Platzer wins face-off versus Anthony Richard in Barracuda zone.
3:13 of 1st period - Wrist shot by Zach Stepan.
3:13 of 1st period - Stopped by Joni Ortio with a rebound.
3:15 of 1st period - Snap shot by Zach Stepan.
3:15 of 1st period - Stopped by Joni Ortio without a rebound.
3:16 of 1st period - Rourke Chartier wins face-off versus Theodor Blueger in Barracuda zone.
3:31 of 1st period - Joachim Blichfeld is hit by Thomas Gobeil and loses puck.
3:46 of 1st period - Wrist shot by Jordan Kyrou.
3:46 of 1st period - Stopped by Joni Ortio without a rebound.
3:47 of 1st period - Emil Pettersson wins face-off versus Anthony Richard in Barracuda zone.
4:17 of 1st period - Mario Lucia is hit by Anthony Richard and loses puck.
4:24 of 1st period - Slapshot by Jeremy Lauzon.
4:24 of 1st period - Stopped by Joni Ortio without a rebound.
4:25 of 1st period - Zach Stepan wins face-off versus Theodor Blueger in Barracuda zone.
4:34 of 1st period - Slapshot by Zach Stepan.
4:34 of 1st period - Shot Misses the Net.
4:36 of 1st period - Snap shot by Dylan Sikura.
4:36 of 1st period - Shot Blocked by Samuel Groulx.
6:10 of 1st period - Theodor Blueger is hit by Joachim Blichfeld.
6:44 of 1st period - Dylan Blujus is hit by Noah Gregor and loses puck.
7:11 of 1st period - Wrist shot by Noah Gregor.
7:11 of 1st period - Shot Misses the Net.
8:10 of 1st period - Slapshot by Emil Bemstrom.
8:10 of 1st period - Stopped by Joni Ortio without a rebound.
8:11 of 1st period - Rourke Chartier wins face-off versus Emil Pettersson in Barracuda zone.
8:52 of 1st period - Snap shot by Joachim Blichfeld.
8:52 of 1st period - Stopped by Joni Ortio with a rebound.
9:00 of 1st period - Snap shot by Joachim Blichfeld.
9:00 of 1st period - Shot Blocked by Logan Stanley.
9:02 of 1st period - Slapshot by Jeremy Lauzon.
9:02 of 1st period - Shot Blocked by Logan Stanley.
9:04 of 1st period - Slapshot by Ethan Bear.
9:04 of 1st period - Stopped by Joni Ortio with a rebound.
9:06 of 1st period - Snap shot by Dominik Simon.
9:06 of 1st period - Stopped by Joni Ortio with a rebound.
9:08 of 1st period - Snap shot by Jeremy Lauzon.
9:08 of 1st period - Deflect By Dominik Simon.
9:08 of 1st period - Goal by Dominik Simon - Thunderbirds : 1 - Barracuda : 0.
9:09 of 1st period - Anthony Richard wins face-off versus Emil Pettersson in neutral zone.
9:25 of 1st period - Minor Penalty to Anthony Richard for Slashing.
9:26 of 1st period - Emil Pettersson wins face-off versus Trent Frederic in Thunderbirds zone.
9:32 of 1st period - Slapshot by William Carrier.
9:32 of 1st period - Shot Misses the Net.
9:34 of 1st period - Wrist shot by Mario Lucia.
9:34 of 1st period - Goal by Mario Lucia - Thunderbirds : 1 - Barracuda : 1.
9:35 of 1st period - Zach Stepan wins face-off versus Theodor Blueger in neutral zone.
9:48 of 1st period - Snap shot by Theodor Blueger.
9:48 of 1st period - Shot Misses the Net.
9:50 of 1st period - Snap shot by Theodor Blueger.
9:50 of 1st period - Shot Hit the Post.
10:31 of 1st period - Snap shot by Joachim Blichfeld.
10:31 of 1st period - Shot Blocked by Logan Stanley.
10:37 of 1st period - Dominik Simon is hit by Kyle Platzer and loses puck.
10:48 of 1st period - Wrist shot by Kyle Platzer.
10:48 of 1st period - Stopped by Jake Oettinger with a rebound.
11:12 of 1st period - Snap shot by Joachim Blichfeld.
11:12 of 1st period - Shot Blocked by Kyle Platzer.
11:32 of 1st period - Snap shot by Kyle Platzer.
11:32 of 1st period - Stopped by Jake Oettinger with a rebound.
12:02 of 1st period - Snap shot by Alex Henriksson.
12:02 of 1st period - Stopped by Jake Oettinger with a rebound.
12:06 of 1st period - Snap shot by Alex Henriksson.
12:06 of 1st period - Stopped by Jake Oettinger with a rebound.
12:08 of 1st period - Slapshot by Robin Norell.
12:08 of 1st period - Stopped by Jake Oettinger with a rebound.
12:14 of 1st period - Snap shot by Alex Henriksson.
12:14 of 1st period - Shot Blocked by Matt Roy.
12:26 of 1st period - Slapshot by Kyle Platzer.
12:26 of 1st period - Shot Misses the Net.
12:56 of 1st period - Snap shot by Alex Henriksson.
12:56 of 1st period - Shot Blocked by Dylan Blujus.
12:58 of 1st period - Backhand shot by Logan Stanley.
12:58 of 1st period - Shot Blocked by Dylan Blujus.
13:12 of 1st period - Icing by Robin Norell.
13:13 of 1st period - Anthony Richard wins face-off versus Kyle Platzer in Barracuda zone.
13:46 of 1st period - Ethan Bear is hit by Samuel Groulx and loses puck.
14:00 of 1st period - Snap shot by Samuel Groulx.
14:00 of 1st period - Shot Blocked by Ethan Bear.
14:02 of 1st period - Snap shot by Samuel Groulx.
14:02 of 1st period - Shot Blocked by Jeremy Lauzon.
14:04 of 1st period - Wrist shot by Jordan Gross.
14:04 of 1st period - Shot Misses the Net.
14:06 of 1st period - Slapshot by Jordan Gross.
14:06 of 1st period - Shot Hit the Post.
14:08 of 1st period - Slapshot by Jordan Gross.
14:08 of 1st period - Deflect By Alex Henriksson.
14:08 of 1st period - Shot Misses the Net.
14:08 of 1st period - Puck is out of play.
14:09 of 1st period - Anthony Richard wins face-off versus Emil Pettersson in Thunderbirds zone.
14:39 of 1st period - Wrist shot by Cole Ully.
14:39 of 1st period - Shot Misses the Net.
15:07 of 1st period - Slapshot by Emil Bemstrom.
15:07 of 1st period - Shot Blocked by Mac Hollowell.
15:13 of 1st period - Slapshot by Emil Bemstrom.
15:13 of 1st period - Shot Misses the Net.
15:22 of 1st period - Minor Penalty to Thomas Gobeil for Hooking.
15:23 of 1st period - Anthony Richard wins face-off versus Emil Pettersson in Barracuda zone.
17:22 of 1st period - Penalty to Thomas Gobeil is over, Thomas Gobeil is back on ice.
17:32 of 1st period - Slapshot by Cole Ully.
17:32 of 1st period - Deflect By Kurtis Macdermid.
17:32 of 1st period - Shot Misses the Net.
17:32 of 1st period - Puck is out of play.
17:33 of 1st period - Trent Frederic wins face-off versus Theodor Blueger in Thunderbirds zone.
17:57 of 1st period - Artturi Lehkonen is hit by Mac Hollowell and loses puck.
18:04 of 1st period - Minor Penalty to Frederic Allard for Tripping.
18:05 of 1st period - Emil Pettersson wins face-off versus Pierre Engvall in Thunderbirds zone.
18:08 of 1st period - Wrist shot by Emil Pettersson.
18:08 of 1st period - Stopped by Jake Oettinger without a rebound.
18:09 of 1st period - Emil Pettersson wins face-off versus Trent Frederic in Thunderbirds zone.
18:10 of 1st period - Wrist shot by William Carrier.
18:10 of 1st period - Shot Misses the Net.
18:12 of 1st period - Slapshot by Eric Gustafsson.
18:12 of 1st period - Shot Misses the Net.
18:14 of 1st period - Wrist shot by William Carrier.
18:14 of 1st period - Deflect By Ethan Bear.
18:14 of 1st period - Shot Blocked by Henri Jokiharju.
18:14 of 1st period - Puck is out of play.
18:15 of 1st period - Emil Pettersson wins face-off versus Trent Frederic in Thunderbirds zone.
18:20 of 1st period - Wrist shot by Emil Pettersson.
18:20 of 1st period - Goal by Emil Pettersson - Thunderbirds : 1 - Barracuda : 2.
18:21 of 1st period - Emil Pettersson wins face-off versus Anthony Richard in neutral zone.
18:58 of 1st period - Snap shot by Kurtis Macdermid.
18:58 of 1st period - Shot Misses the Net.
Goals for this period are 1 for Thunderbirds vs 2 for Barracuda.
Shots for this period are 11 for Thunderbirds vs 9 for Barracuda.
2nd period
0:01 of 2nd period - Anthony Richard wins face-off versus Emil Pettersson in neutral zone.
0:12 of 2nd period - Slapshot by Anthony Richard.
0:12 of 2nd period - Stopped by Joni Ortio without a rebound.
0:13 of 2nd period - Emil Pettersson wins face-off versus Anthony Richard in Barracuda zone.
0:40 of 2nd period - Snap shot by Zach Stepan.
0:40 of 2nd period - Deflect By Artturi Lehkonen.
0:40 of 2nd period - Stopped by Joni Ortio without a rebound.
0:41 of 2nd period - Zach Stepan wins face-off versus Theodor Blueger in Barracuda zone.
1:24 of 2nd period - Rourke Chartier is hit by Eric Gustafsson and loses puck.
1:37 of 2nd period - Noah Gregor is hit by Joachim Blichfeld and loses puck.
1:58 of 2nd period - Snap shot by Rourke Chartier.
1:58 of 2nd period - Shot Blocked by Eric Gustafsson.
2:00 of 2nd period - Wrist shot by Rourke Chartier.
2:00 of 2nd period - Stopped by Joni Ortio with a rebound.
2:02 of 2nd period - Wrist shot by Dominik Simon.
2:02 of 2nd period - Stopped by Joni Ortio with a rebound.
2:04 of 2nd period - Snap shot by Rourke Chartier.
2:04 of 2nd period - Shot Blocked by Noah Gregor.
2:06 of 2nd period - Snap shot by Joachim Blichfeld.
2:06 of 2nd period - Stopped by Joni Ortio with a rebound.
2:10 of 2nd period - Slapshot by Rourke Chartier.
2:10 of 2nd period - Shot Misses the Net.
2:14 of 2nd period - Snap shot by Dominik Simon.
2:14 of 2nd period - Stopped by Joni Ortio with a rebound.
2:16 of 2nd period - Slapshot by Jeremy Lauzon.
2:16 of 2nd period - Shot Misses the Net.
2:22 of 2nd period - Snap shot by Rourke Chartier.
2:22 of 2nd period - Deflect By Samuel Groulx.
2:22 of 2nd period - Shot Misses the Net.
2:22 of 2nd period - Puck is out of play.
2:23 of 2nd period - Emil Pettersson wins face-off versus Anthony Richard in Barracuda zone.
2:34 of 2nd period - Wrist shot by Emil Pettersson.
2:34 of 2nd period - Goal by Emil Pettersson - Thunderbirds : 1 - Barracuda : 3.
2:35 of 2nd period - Anthony Richard wins face-off versus Emil Pettersson in neutral zone.
2:43 of 2nd period - Minor Penalty to William Carrier for Cross-checking.
2:44 of 2nd period - Rourke Chartier wins face-off versus Emil Pettersson in Barracuda zone.
2:52 of 2nd period - Snap shot by Rourke Chartier.
2:52 of 2nd period - Shot Blocked by Eric Gustafsson.
2:54 of 2nd period - Wrist shot by Ethan Bear.
2:54 of 2nd period - Shot Blocked by Eric Gustafsson.
2:56 of 2nd period - Wrist shot by Ethan Bear.
2:56 of 2nd period - Stopped by Joni Ortio with a rebound.
2:58 of 2nd period - Wrist shot by Rourke Chartier.
2:58 of 2nd period - Stopped by Joni Ortio with a rebound.
3:00 of 2nd period - Snap shot by Jeremy Lauzon.
3:00 of 2nd period - Deflect By Rourke Chartier.
3:00 of 2nd period - Stopped by Joni Ortio with a rebound.
3:44 of 2nd period - Eric Gustafsson is hit by Rourke Chartier and loses puck.
4:43 of 2nd period - Penalty to William Carrier is over, William Carrier is back on ice.
6:22 of 2nd period - Ethan Bear is hit by Emil Pettersson and loses puck.
6:56 of 2nd period - Joachim Blichfeld is hit by Theodor Blueger.
7:38 of 2nd period - Snap shot by Alex Henriksson.
7:38 of 2nd period - Shot Blocked by Dominik Simon.
7:48 of 2nd period - Slapshot by Dylan Blujus.
7:48 of 2nd period - Stopped by Joni Ortio without a rebound.
7:49 of 2nd period - Anthony Richard wins face-off versus Noah Gregor in Barracuda zone.
7:50 of 2nd period - Wrist shot by Jordan Kyrou.
7:50 of 2nd period - Goal by Jordan Kyrou - Thunderbirds : 2 - Barracuda : 3.
7:51 of 2nd period - Emil Pettersson wins face-off versus Anthony Richard in neutral zone.
8:25 of 2nd period - Slapshot by Dominik Simon.
8:25 of 2nd period - Stopped by Joni Ortio with a rebound.
8:27 of 2nd period - Snap shot by Rourke Chartier.
8:27 of 2nd period - Stopped by Joni Ortio with a rebound.
8:39 of 2nd period - Noah Gregor is hit by Zach Stepan and loses puck.
9:20 of 2nd period - Emil Bemstrom is hit by Emil Pettersson and loses puck.
9:26 of 2nd period - Minor Penalty to Robin Norell for Delaying the game.
9:27 of 2nd period - Emil Pettersson wins face-off versus Rourke Chartier in Barracuda zone.
11:10 of 2nd period - Pierre Engvall is hit by Samuel Groulx and loses puck.
11:26 of 2nd period - Penalty to Robin Norell is over, Robin Norell is back on ice.
12:23 of 2nd period - Zach Stepan is hit by Mario Lucia and loses puck.
14:01 of 2nd period - Icing by Jordan Gross.
14:02 of 2nd period - Noah Gregor wins face-off versus Anthony Richard in Barracuda zone.
14:02 of 2nd period - Noah Gregor is hit by Jordan Kyrou.
14:28 of 2nd period - Wrist shot by Emil Bemstrom.
14:28 of 2nd period - Stopped by Joni Ortio with a rebound.
14:51 of 2nd period - Snap shot by Cole Ully.
14:51 of 2nd period - Shot Blocked by Frederic Allard.
14:57 of 2nd period - Logan Stanley is hit by Frederic Allard and loses puck.
15:10 of 2nd period - Ethan Bear is hit by William Carrier and loses puck.
15:16 of 2nd period - Off-side.
15:17 of 2nd period - Anthony Richard wins face-off versus Emil Pettersson in neutral zone.
15:30 of 2nd period - Snap shot by Anthony Richard.
15:30 of 2nd period - Shot Misses the Net.
15:32 of 2nd period - Slapshot by Jeremy Lauzon.
15:32 of 2nd period - Stopped by Joni Ortio with a rebound.
15:34 of 2nd period - Slapshot by Ethan Bear.
15:34 of 2nd period - Stopped by Joni Ortio with a rebound.
15:44 of 2nd period - Eric Gustafsson is hit by Zach Stepan.
15:48 of 2nd period - Wrist shot by Artturi Lehkonen.
15:48 of 2nd period - Shot Misses the Net.
15:50 of 2nd period - Slapshot by Henri Jokiharju.
15:50 of 2nd period - Deflect By Emil Pettersson.
15:50 of 2nd period - Stopped by Joni Ortio without a rebound.
15:51 of 2nd period - Theodor Blueger wins face-off versus Zach Stepan in Barracuda zone.
16:00 of 2nd period - Snap shot by Theodor Blueger.
16:00 of 2nd period - Shot Blocked by Henri Jokiharju.
16:02 of 2nd period - Snap shot by Logan Stanley.
16:02 of 2nd period - Deflect By Zach Stepan.
16:02 of 2nd period - Stopped by Jake Oettinger with a rebound.
16:04 of 2nd period - Snap shot by Theodor Blueger.
16:04 of 2nd period - Goal by Theodor Blueger - Thunderbirds : 2 - Barracuda : 4.
16:04 of 2nd period - Magnus Hellberg enters game.
16:05 of 2nd period - Rourke Chartier wins face-off versus Emil Pettersson in neutral zone.
16:10 of 2nd period - Slapshot by Joachim Blichfeld.
16:10 of 2nd period - Stopped by Joni Ortio without a rebound.
16:11 of 2nd period - Rourke Chartier wins face-off versus Emil Pettersson in Barracuda zone.
16:42 of 2nd period - Wrist shot by Jordan Kyrou.
16:42 of 2nd period - Stopped by Joni Ortio without a rebound.
16:43 of 2nd period - Theodor Blueger wins face-off versus Anthony Richard in Barracuda zone.
16:45 of 2nd period - Minor Penalty to Kurtis Macdermid for Tripping.
16:46 of 2nd period - Dominik Simon wins face-off versus Emil Pettersson in Barracuda zone.
17:22 of 2nd period - Samuel Groulx is hit by Pierre Engvall and loses puck.
18:45 of 2nd period - Penalty to Kurtis Macdermid is over, Kurtis Macdermid is back on ice.
18:45 of 2nd period - Ethan Bear is hit by Cole Ully and loses puck.
18:58 of 2nd period - Snap shot by Noah Gregor.
18:58 of 2nd period - Stopped by Magnus Hellberg without a rebound.
18:59 of 2nd period - Noah Gregor wins face-off versus Zach Stepan in Thunderbirds zone.
19:00 of 2nd period - Wrist shot by Cole Ully.
19:00 of 2nd period - Shot Misses the Net.
19:50 of 2nd period - Frederic Allard is hit by Mario Lucia and loses puck.
19:59 of 2nd period - Mac Hollowell is hit by Anthony Richard and loses puck.
Goals for this period are 1 for Thunderbirds vs 2 for Barracuda.
Shots for this period are 19 for Thunderbirds vs 4 for Barracuda.
3rd period
0:01 of 3rd period - Emil Pettersson wins face-off versus Rourke Chartier in neutral zone.
0:06 of 3rd period - Snap shot by Emil Pettersson.
0:06 of 3rd period - Shot Blocked by Ethan Bear.
0:26 of 3rd period - Eric Gustafsson is hit by Ethan Bear and loses puck.
0:35 of 3rd period - Snap shot by Anthony Richard.
0:35 of 3rd period - Shot Misses the Net.
0:37 of 3rd period - Snap shot by Jordan Kyrou.
0:37 of 3rd period - Shot Blocked by Eric Gustafsson.
0:47 of 3rd period - Slapshot by Samuel Groulx.
0:47 of 3rd period - Shot Blocked by Artturi Lehkonen.
0:49 of 3rd period - Snap shot by Eric Gustafsson.
0:49 of 3rd period - Stopped by Magnus Hellberg with a rebound.
0:51 of 3rd period - Slapshot by Eric Gustafsson.
0:51 of 3rd period - Shot Blocked by Henri Jokiharju.
0:53 of 3rd period - Slapshot by Eric Gustafsson.
0:53 of 3rd period - Stopped by Magnus Hellberg without a rebound.
0:54 of 3rd period - William Carrier wins face-off versus Rourke Chartier in Thunderbirds zone.
1:11 of 3rd period - Backhand shot by Joachim Blichfeld.
1:11 of 3rd period - Stopped by Joni Ortio with a rebound.
1:21 of 3rd period - Snap shot by Jordan Kyrou.
1:21 of 3rd period - Shot Blocked by Logan Stanley.
1:23 of 3rd period - Slapshot by Jordan Kyrou.
1:23 of 3rd period - Shot Blocked by Theodor Blueger.
1:25 of 3rd period - Slapshot by Frederic Allard.
1:25 of 3rd period - Stopped by Joni Ortio without a rebound.
1:26 of 3rd period - Anthony Richard wins face-off versus Theodor Blueger in Barracuda zone.
1:27 of 3rd period - Slapshot by Jordan Kyrou.
1:27 of 3rd period - Shot Misses the Net.
1:29 of 3rd period - Backhand shot by Pierre Engvall.
1:29 of 3rd period - Stopped by Joni Ortio with a rebound.
1:31 of 3rd period - Snap shot by Anthony Richard.
1:31 of 3rd period - Shot Blocked by Thomas Gobeil.
1:33 of 3rd period - Backhand shot by Pierre Engvall.
1:33 of 3rd period - Stopped by Joni Ortio without a rebound.
1:34 of 3rd period - Emil Pettersson wins face-off versus Anthony Richard in Barracuda zone.
1:47 of 3rd period - Wrist shot by William Carrier.
1:47 of 3rd period - Stopped by Magnus Hellberg with a rebound.
1:49 of 3rd period - Slapshot by Eric Gustafsson.
1:49 of 3rd period - Deflect By Emil Pettersson.
1:49 of 3rd period - Goal by Emil Pettersson - Thunderbirds : 2 - Barracuda : 5.
1:50 of 3rd period - Emil Pettersson wins face-off versus Rourke Chartier in neutral zone.
2:56 of 3rd period - Jordan Gross is hit by Dylan Blujus and loses puck.
3:21 of 3rd period - Snap shot by Joachim Blichfeld.
3:21 of 3rd period - Deflect By Dominik Simon.
3:21 of 3rd period - Shot Blocked by Samuel Groulx.
3:21 of 3rd period - Puck is out of play.
3:22 of 3rd period - Rourke Chartier wins face-off versus Emil Pettersson in Barracuda zone.
3:56 of 3rd period - Snap shot by Anthony Richard.
3:56 of 3rd period - Shot Misses the Net.
3:58 of 3rd period - Snap shot by Matt Roy.
3:58 of 3rd period - Shot Misses the Net.
4:00 of 3rd period - Slapshot by Frederic Allard.
4:00 of 3rd period - Shot Misses the Net.
4:18 of 3rd period - Snap shot by Noah Gregor.
4:18 of 3rd period - Shot Blocked by Matt Roy.
4:20 of 3rd period - Wrist shot by Jaedon Descheneau.
4:20 of 3rd period - Shot Blocked by Artturi Lehkonen.
4:22 of 3rd period - Snap shot by Noah Gregor.
4:22 of 3rd period - Stopped by Magnus Hellberg without a rebound.
4:23 of 3rd period - Emil Pettersson wins face-off versus Rourke Chartier in Thunderbirds zone.
6:16 of 3rd period - Slapshot by Theodor Blueger.
6:16 of 3rd period - Stopped by Magnus Hellberg without a rebound.
6:17 of 3rd period - Anthony Richard wins face-off versus Theodor Blueger in Thunderbirds zone.
6:53 of 3rd period - Snap shot by William Carrier.
6:53 of 3rd period - Shot Blocked by Dylan Blujus.
6:55 of 3rd period - Snap shot by Mario Lucia.
6:55 of 3rd period - Stopped by Magnus Hellberg without a rebound.
6:56 of 3rd period - Rourke Chartier wins face-off versus William Carrier in Thunderbirds zone.
7:25 of 3rd period - Off-side.
7:26 of 3rd period - Thomas Gobeil wins face-off versus Anthony Richard in neutral zone.
7:29 of 3rd period - Snap shot by Theodor Blueger.
7:29 of 3rd period - Shot Blocked by Dylan Blujus.
7:53 of 3rd period - Snap shot by Jordan Kyrou.
7:53 of 3rd period - Shot Misses the Net.
7:55 of 3rd period - Wrist shot by Anthony Richard.
7:55 of 3rd period - Deflect By Pierre Engvall.
7:55 of 3rd period - Stopped by Joni Ortio with a rebound.
8:19 of 3rd period - Wrist shot by Anthony Richard.
8:19 of 3rd period - Stopped by Joni Ortio with a rebound.
8:25 of 3rd period - Wrist shot by Anthony Richard.
8:25 of 3rd period - Stopped by Joni Ortio with a rebound.
8:27 of 3rd period - Wrist shot by Anthony Richard.
8:27 of 3rd period - Shot Misses the Net.
8:29 of 3rd period - Slapshot by Matt Roy.
8:29 of 3rd period - Stopped by Joni Ortio without a rebound.
8:30 of 3rd period - Rourke Chartier wins face-off versus Emil Pettersson in Barracuda zone.
8:43 of 3rd period - Wrist shot by William Carrier.
8:43 of 3rd period - Stopped by Magnus Hellberg with a rebound.
8:45 of 3rd period - Wrist shot by Mario Lucia.
8:45 of 3rd period - Shot Misses the Net.
8:55 of 3rd period - Eric Gustafsson is hit by Dylan Sikura and loses puck.
9:16 of 3rd period - Logan Stanley is hit by Paul Cotter and loses puck.
9:38 of 3rd period - Snap shot by William Carrier.
9:38 of 3rd period - Goal by William Carrier - Thunderbirds : 2 - Barracuda : 6.
9:39 of 3rd period - Emil Pettersson wins face-off versus Dominik Simon in neutral zone.
9:42 of 3rd period - Joachim Blichfeld is hit by William Carrier and loses puck.
10:09 of 3rd period - Wrist shot by Theodor Blueger.
10:09 of 3rd period - Shot Blocked by Ethan Bear.
10:11 of 3rd period - Slapshot by Robin Norell.
10:11 of 3rd period - Stopped by Magnus Hellberg without a rebound.
10:12 of 3rd period - Emil Pettersson wins face-off versus Joachim Blichfeld in Thunderbirds zone.
10:20 of 3rd period - Minor Penalty to Rourke Chartier for Roughing.
10:21 of 3rd period - Trent Frederic wins face-off versus Emil Pettersson in Thunderbirds zone.
11:30 of 3rd period - Icing by Theodor Blueger.
11:31 of 3rd period - Pierre Engvall wins face-off versus Emil Pettersson in Barracuda zone.
11:40 of 3rd period - Slapshot by Robin Norell.
11:40 of 3rd period - Stopped by Magnus Hellberg without a rebound.
11:41 of 3rd period - Trent Frederic wins face-off versus Theodor Blueger in Thunderbirds zone.
12:20 of 3rd period - Penalty to Rourke Chartier is over, Rourke Chartier is back on ice.
12:21 of 3rd period - Icing by Kurtis Macdermid.
12:22 of 3rd period - Dominik Simon wins face-off versus Theodor Blueger in Barracuda zone.
12:23 of 3rd period - Wrist shot by Rourke Chartier.
12:23 of 3rd period - Shot Misses the Net.
12:31 of 3rd period - Kurtis Macdermid is hit by Ethan Bear and loses puck.
12:44 of 3rd period - Robin Norell is hit by Jeremy Lauzon and loses puck.
12:51 of 3rd period - Slapshot by Robin Norell.
12:51 of 3rd period - Stopped by Magnus Hellberg without a rebound.
12:52 of 3rd period - Emil Pettersson wins face-off versus Anthony Richard in Thunderbirds zone.
13:31 of 3rd period - Minor Penalty to Jordan Kyrou for Tripping.
13:32 of 3rd period - Trent Frederic wins face-off versus Emil Pettersson in Thunderbirds zone.
13:32 of 3rd period - Trent Frederic is hit by Eric Gustafsson.
15:15 of 3rd period - Emil Pettersson is hit by Dylan Sikura and loses puck.
15:31 of 3rd period - Penalty to Jordan Kyrou is over, Jordan Kyrou is back on ice.
16:59 of 3rd period - Jordan Kyrou is hit by Eric Gustafsson and loses puck.
17:47 of 3rd period - Emil Pettersson is hit by Paul Cotter and loses puck.
18:04 of 3rd period - Off-side.
18:05 of 3rd period - Theodor Blueger wins face-off versus Rourke Chartier in neutral zone.
18:14 of 3rd period - Snap shot by Kurtis Macdermid.
18:14 of 3rd period - Stopped by Magnus Hellberg without a rebound.
18:15 of 3rd period - Emil Pettersson wins face-off versus Rourke Chartier in Thunderbirds zone.
18:36 of 3rd period - Minor Penalty to Rourke Chartier for Delaying the game.
18:37 of 3rd period - Trent Frederic wins face-off versus Emil Pettersson in Thunderbirds zone.
18:50 of 3rd period - Slapshot by Eric Gustafsson.
18:50 of 3rd period - Stopped by Magnus Hellberg with a rebound.
18:52 of 3rd period - Snap shot by William Carrier.
18:52 of 3rd period - Goal by William Carrier - Thunderbirds : 2 - Barracuda : 7.
18:53 of 3rd period - Emil Pettersson wins face-off versus Dominik Simon in neutral zone.
18:55 of 3rd period - Minor Penalty to William Carrier for Tripping.
18:56 of 3rd period - Rourke Chartier wins face-off versus Emil Pettersson in Barracuda zone.
Goals for this period are 0 for Thunderbirds vs 3 for Barracuda.
Shots for this period are 8 for Thunderbirds vs 15 for Barracuda.
Output by the SimonT Hockey Simulator (STHS) for Francois Prevost